 Dungeon Crawl Stone Soup version 0.19.5 (webtiles) character file.

97 Gadfly the Sneak (level 4, -6/46 HPs)
             Began as a Vampire Enchanter on May 20, 2017.
             Mangled by a soul eater (7 damage)
             ... summoned by the capriciousness of Xom
             ... on level 3 of the Dungeon.
             The game lasted 00:07:45 (3450 turns).

Gadfly the Sneak (Vampire Enchanter)                Turns: 3450, Time: 00:07:45

Health: -6/46      AC: 22    Str:  5    XL:     4   Next: 42%
Magic:  1/7        EV:  2    Int: 17    God:    Xom [.*....]
Gold:   142        SH:  0    Dex: 20    Spells: 3 memorised, 1 level left

rFire  . . .     SeeInvis +     q - +3 dagger (elec)
rCold  . . .     Gourm    .     (armour currently unavailable)
rNeg   + + +     Faith    .     (no shield)
rPois  +         Spirit   .     (helmet currently unavailable)
rElec  .         Reflect  .     (cloak currently unavailable)
rCorr  .         Harm     .     (gloves currently unavailable)
MR     .....     NoTele   +     (boots currently unavailable)
Stlth  ++++......               (no amulet)
                                (no ring)
                                m - +5 ring of dexterity

@: tree-form
A: (fangs 0), see invisible, weak 1, (unbreathing)
a: Bat Form, Renounce Religion


You were on level 3 of the Dungeon.
You worshipped Xom.
You were a plaything of Xom.
You were not thirsty.
You were a tree.
You visited 1 branch of the dungeon, and saw 3 of its levels.

You collected 142 gold pieces.

Inventory:

Hand Weapons
 q - a +3 dagger of electrocution (weapon)
Armour
 b - a +1 robe (melded)
 e - a +0 cloak (melded)
 j - a +2 pair of boots (melded)
Jewellery
 m - a +5 ring of dexterity (left branch)
Wands
 a - a wand of enslavement (6/24)
Scrolls
 i - 2 scrolls of identify
 l - a scroll of remove curse
Potions
 d - 7 potions of blood
 g - a potion of haste
 o - a potion of agility
Books
 c - a book of Maledictions

   Spells                             Type                      Level
   a - Corona                         Hexes                        1
   b - Ensorcelled Hibernation        Hexes/Ice                    2
   c - Confuse                        Hexes                        3
   d - Tukima's Dance                 Hexes                        3
   e - Dazzling Spray                 Conjuration/Hexes            3


   Skills:
 + Level 0.3 Fighting
 + Level 2.2 Short Blades
 + Level 2.6 Dodging
 + Level 6.2 Stealth
 + Level 2.2 Spellcasting
 + Level 5.1 Hexes


You had one spell level left.
You knew the following spells:

 Your Spells              Type           Power        Failure   Level  Hunger
a - Corona                Hex            ###....      2%          1    #......
b - Ensorcelled Hibernat  Hex/Ice        ##....       12%         2    ###....
c - Confuse               Hex            ###.....     10%         3    ###....


Dungeon Overview and Level Annotations

Branches:
Dungeon (3/15)

Altars:
Cheibriados
Xom


Innate Abilities, Weirdness & Mutations

((You have razor-sharp teeth.))
You have supernaturally acute eyesight. (SInv)
((You can survive without breathing.))
You are weak. (Str -2)


Message History

You hit the soul eater but do no damage.
There is a sudden explosion of sparks!
The soul eater is heavily wounded.
The soul eater hits you but does no damage.
You hit the soul eater but do no damage.
The soul eater is heavily wounded.
The soul eater barely misses you.
You hit the soul eater but do no damage.
There is a sudden explosion of sparks!
The soul eater is almost dead.
The soul eater hits you.
* * * LOW HITPOINT WARNING * * *
You closely miss the soul eater.
The soul eater is almost dead.
The soul eater hits you.
* * * LOW HITPOINT WARNING * * *
You hit the soul eater but do no damage.
The soul eater is almost dead.
The soul eater hits you!
You die...

# ##########.# #
#..........# ##
#.########## .# #.# .# #.#
.# #.# .# ##.##
.###############3..########
................♣..'.......
################...########
#........... #...#######.
#...# #...# #...# #####


You could see a soul eater.

Vanquished Creatures
  A jelly (D:3)
  An adder (D:1)
  An ooze (D:3)
  A worm (D:2)
  3 dart slugs
  2 orcs
  9 bats
  4 giant cockroaches
  5 goblins
  4 hobgoblins
  A jackal (D:1)
  A quokka (D:3)
  4 frilled lizards
  3 kobolds
  3 rats
43 creatures vanquished.

Notes
Turn   | Place    | Note
-------+----------+-------------------------------------------
     0 | D:1      | Gadfly the Vampire Enchanter began the quest for the Orb.
     0 | D:1      | Reached XP level 1. HP: 13/13 MP: 3/3
   641 | D:1      | Reached XP level 2. HP: 8/19 MP: 5/5
   914 | D:1      | Learned a level 2 spell: Ensorcelled Hibernation
  1146 | D:1      | Reached skill level 5 in Stealth
  1152 | D:1      | Reached XP level 3. HP: 24/24 MP: 1/6
  1563 | D:2      | Found a faded altar of an unknown god.
  1565 | D:2      | Became a worshipper of Xom the Random Number God
  1758 | D:2      | Learned a level 3 spell: Confuse
  1958 | D:2      | XOM is BORED!
  1958 | D:2      | XOM: medium Fire miscast
  2336 | D:2      | XOM: medium Air miscast
  2410 | D:2      | Found a snail-covered altar of Cheibriados.
  2819 | D:3      | XOM: give mutation
  2819 | D:3      | Gained mutation: You are weak. (Str -2) [Xom's mischief]
  2891 | D:3      | Noticed Terence
  2915 | D:3      | Noticed Terence
  2915 | D:3      | Terence changed into Terence the jelly
  2915 | D:3      | XOM: polymorph Terence -> Terence the jelly
  2917 | D:3      | Killed Terence the jelly
  2917 | D:3      | Reached skill level 6 in Stealth
  2917 | D:3      | Reached skill level 5 in Hexes
  2917 | D:3      | Reached XP level 4. HP: 11/31 MP: 1/7
  3408 | D:3      | XOM: medium Summ miscast
  3409 | D:3      | Noticed a soul eater
  3449 | D:3      | HP: 1/46 [soul eater[the capriciousness of Xom] (2)]
  3450 | D:3      | Mangled by a soul eater

Skill      XL: |  1  2  3 |
---------------+----------+-----
Stealth        | 5 6 |  6.2
Short Blades   | 2 |  2.2
Hexes          | 5 |  5.1
Fighting       | |  0.3
Dodging        | |  2.6
Spellcasting   | |  2.2

Action                   |  1- 3 |  4- 6 || total
-------------------------+-------+-------++-------
Melee: Dagger            |   142 |    14 ||   156
       Bite              |    11 |     2 ||    13
 Cast: Ensorcelled Hiber |    18 |       ||    18
       Corona            |     1 |       ||     1
       Confuse           |       |     3 ||     3
  Use: Potion            |     8 |     5 ||    13
       Scroll            |     6 |       ||     6
 Stab: Sleeping          |    20 |       ||    20
Armor: Robe              |    42 |       ||    42
       Skin              |       |     3 ||     3
Dodge: Dodged            |   101 |     3 ||   104
